 Dungeon Crawl Stone Soup version 0.21-a0-221-gfe971b9 (webtiles) character file.

22780 tidbits the Timeless (level 12, -3/106 HPs)
             Began as a Pale Draconian Wanderer on Aug 26, 2017.
             Was a High Priest of Cheibriados.
             Killed from afar by a deep elf mage (26 damage)
             ... with a bolt of magma
             ... on level 14 of the Dungeon.
             The game lasted 01:19:34 (5167 turns).

tidbits the Timeless (Pale Draconian Wanderer)      Turns: 5167, Time: 01:19:35

Health: -3/106     AC: 12    Str: 27    XL:     12   Next: 66%
Magic:  11/21      EV: 20    Int: 28    God:    Cheibriados [*****.]
Gold:   317        SH:  0    Dex: 24    Spells: 4/23 levels left

rFire    . . .     SeeInvis .     - Unarmed
rCold    . . .     Gourm    .   (shield currently unavailable)
rNeg     . . .     Faith    .   (armour unavailable)
rPois    +         Spirit   .   (helmet restricted)
rElec    .         Reflect  .   C - +0 cloak
rCorr    .         Harm     +   (gloves currently unavailable)
MR       .....                  F - +2 pair of boots
Stlth    ++........             t - amulet of harm
HPRegen  0.27/turn              V - +2 ring of evasion
MPRegen  0.17/turn              P - ring of poison resistance

@: blade hands, very slow
A: breathe steam, unfitting armour, cold-blooded, AC +8
a: Breathe Steam, End Transformation, Bend Time, Temporal Distortion, Slouch,
Step From Time, Renounce Religion


You were on level 14 of the Dungeon.
You worshipped Cheibriados.
Cheibriados was extremely pleased with you.
You were hungry.
You had blades for hands.
You visited 2 branches of the dungeon, and saw 16 of its levels.

You collected 407 gold pieces.
You spent 90 gold pieces at shops.

Inventory:

Hand Weapons
 a - the +11 rapier of Contention {freeze, +Fly Str+4 Int+4}
   (You found it on level 6 of the Dungeon)

   It has been specially enchanted to freeze those struck by it, causing extra
   injury to most foes and up to half again as much damage against particularly
   susceptible opponents.
   It can also slow down cold-blooded creatures.
   It affects your strength (+4).
   It affects your intelligence (+4).
   It lets you fly.
 b - a +0 hand crossbow (melded)
 g - a +1 blowgun
 y - a +2 scimitar of flaming
   (You took it off an efreet on level 14 of the Dungeon)
Missiles
 j - 20 stones (quivered)
 n - 85 bolts
 u - 3 tomahawks of dispersal {!f}
 L - 4 curare-tipped needles
Armour
 C - a +0 cloak (worn)
 F - a +2 pair of boots (worn)
 G - a +0 pair of gloves (melded)
Magical Staves
 h - an uncursed staff of earth
   (You found it on level 2 of the Lair of Beasts)
Jewellery
 t - an amulet of harm (around neck)
   (You found it on level 7 of the Dungeon)
 A - an uncursed ring of magical power
   (You found it on level 11 of the Dungeon)
 P - a ring of poison resistance (right scythe-like blade)
   (You took it off an orc on level 8 of the Dungeon)
 V - a +2 ring of evasion (left scythe-like blade)
   (You found it on level 4 of the Dungeon)
Wands
 i - a wand of iceblast (2/15)
 q - a wand of lightning (1/15)
 x - a wand of enslavement (10/24)
Scrolls
 d - a scroll of identify
 m - 5 scrolls of fog
 o - a scroll of enchant weapon
 r - 3 scrolls of remove curse
 s - 5 scrolls of teleportation
 v - 2 scrolls of amnesia
 E - a scroll of vulnerability
 H - a scroll of blinking
 K - 2 scrolls of enchant armour {unknown}
 M - 3 scrolls of fear {unknown}
Potions
 l - a potion of agility
 w - a potion of cancellation
 z - a potion of curing
 I - 2 potions of resistance
 J - a potion of ambrosia
Books
 c - the Papyrus of Enchantment
   (You found it on level 12 of the Dungeon)

   Spells                             Type                      Level
   a - Spectral Weapon                Hexes/Charms                 3
   b - Metabolic Englaciation         Hexes/Ice                    5
   c - Summon Mana Viper              Hexes/Summoning              5
   d - Silence                        Hexes/Air                    5
 e - a book of Maledictions

   Spells                             Type                      Level
   a - Corona                         Hexes                        1
   b - Ensorcelled Hibernation        Hexes/Ice                    2
   c - Confuse                        Hexes                        3
   d - Tukima's Dance                 Hexes                        3
   e - Dazzling Spray                 Conjuration/Hexes            3
 k - a book of Flames
   (You found it on level 9 of the Dungeon)

   Spells                             Type                      Level
   a - Flame Tongue                   Conjuration/Fire             1
   b - Throw Flame                    Conjuration/Fire             2
   c - Conjure Flame                  Conjuration/Fire             3
   d - Inner Flame                    Hexes/Fire                   3
   e - Sticky Flame                   Conjuration/Fire             4
   f - Fireball                       Conjuration/Fire             5
 D - a book of Changes
   (You found it on level 6 of the Dungeon)

   Spells                             Type                      Level
   a - Beastly Appendage              Transmutation                1
   b - Sticks to Snakes               Transmutation                2
   c - Spider Form                    Transmutation/Poison         3
   d - Ice Form                       Ice/Transmutation            4
   e - Blade Hands                    Transmutation                5
Comestibles
 f - 6 bread rations
 p - 7 royal jellies
 B - 7 meat rations


   Skills:
 + Level 10.0 Fighting
 - Level 1.7 Throwing
 - Level 6.2 Dodging
 * Level 9.7 Unarmed Combat
 - Level 6.2 Spellcasting
 - Level 1.7 Hexes
 - Level 3.3 Necromancy
 - Level 3.4 Translocations
 - Level 9.7 Transmutations
 - Level 10.0 Invocations


You had 4 spell levels left.
You knew the following spells:

 Your Spells              Type           Power        Failure   Level  Hunger
b - Blink                 Tloc           N/A          22%         2    None
g - Shroud of Golubria    Chrm/Tloc      ###.......   30%         2    None
h - Blade Hands           Tmut           ######....   26%         5    #####..
i - Inner Flame           Hex/Fire       ##......     50%         3    None
k - Sticks to Snakes      Tmut           ######..     8%          2    None
n - Animate Skeleton      Necr           N/A          19%         1    None
v - Vampiric Draining     Necr           ####......   30%         3    None
z - Corona                Hex            ###....      24%         1    None


Dungeon Overview and Level Annotations

Branches:
Dungeon (14/15)            Temple (0/1) D:7            Lair (2/6) D:9
  Swamp: Lair:2-4    Shoals: Lair:2-4     Snake: Lair:2-4    Spider: Lair:2-4
    Orc: D:9-12      Vaults: D:13-14

Altars:
Cheibriados
Dithmenos
Elyvilon
Fedhas
Makhleb
Trog
Xom

Shops:
D:6 !

Portals:
Trove: D:10 (give 16 scrolls of identify)

Annotations:
D:3 motkurip's ghost, weakling FeCK
D:6 1 runed door


Innate Abilities, Weirdness & Mutations

You can breathe blasts of scalding, opaque steam.
Your pale cyan-grey scales are hard. (AC +8)
You cannot fit into any form of body armour.
You are cold-blooded and may be slowed by cold attacks.


Message History

Found a morningstar.
There is a stone staircase leading down here.
You climb downwards.
Found a stone staircase leading up.
There is a stone staircase leading up here.
Found a stone staircase leading down.
There is a stone staircase leading up here.
You climb upwards.
There is a stone staircase leading down here.
You climb downwards.
There is a stone staircase leading up here.
Found 14 gold pieces.
Your transformation is almost over.
Found a robe.
You see here 14 gold pieces.
You now have 317 gold pieces (gained 14).
An eye of draining comes into view.
Your hands revert to their normal proportions.
Your +0 hand crossbow unmelds from your body.
Your +0 pair of gloves unmelds from your body.
Casting: Blade Hands
Confirm with . or Enter, or press ? or * to list all spells.
Your hands turn into razor-sharp scythe blades.
Your +0 hand crossbow melds into your body.
Your +0 pair of gloves melds into your body.
An efreet comes into view. It is wielding a scimitar of flaming.
Found a scroll of blinking.
Unknown command.
The efreet gestures at you. The bolt of fire misses you.
Put on which piece of jewellery? (? for menu, Esc to quit)
Okay, then.
You slash the eye of draining! You tail-slap the eye of draining!
You slash the eye of draining!
You kill the eye of draining!
You shred the efreet!!!
You kill the efreet!
Cheibriados thoroughly appreciates the change of pace.
Your Fighting skill increases to level 10!
You hear a shout!
An ogre comes into view. It is wielding a giant club.
You see here a scimitar of flaming.
y - a scimitar of flaming
Found a burning altar of Makhleb.
You shred the ogre!!!
You kill the ogre!
Cheibriados appreciates the change of pace.
Cheibriados raises the support of your attributes as your movement slows.
Things that are here:
a scroll of blinking; a scroll labeled VAQEAPPIAGA
K - 2 scrolls labeled VAQEAPPIAGA (gained 1)
H - a scroll of blinking Char dumped successfully.
Found a scroll of fog.
Found 3 scrolls labeled ILULAL VILYUSI.
There is a burning altar of Makhleb here.
An ice beast comes into view.
The ice beast barely misses you.
You shred the ice beast!!!
You kill the ice beast!
Cheibriados appreciates the change of pace.
Your transformation is almost over.
You see here a scroll of fog.
m - 3 scrolls of fog (gained 1)
You see here 3 scrolls labeled ILULAL VILYUSI.
M - 3 scrolls labeled ILULAL VILYUSI
Found 2 scrolls of fog.
Your hands revert to their normal proportions.
Your +0 hand crossbow unmelds from your body.
Your +0 pair of gloves unmelds from your body.
You see here 2 scrolls of fog.
m - 5 scrolls of fog (gained 2)
A deep elf mage comes into view. It is wielding a dagger.
The deep elf mage shouts!
The deep elf mage gestures at you while chanting.
The bolt of magma hits you!
Found 19 stones.
Casting: Blade Hands
Confirm with . or Enter, or press ? or * to list all spells.
Your hands turn into razor-sharp scythe blades.
Your +0 hand crossbow melds into your body.
Your +0 pair of gloves melds into your body.
You are feeling hungry.
A centaur and a centaur warrior come into view.
The deep elf mage points at you and mumbles some strange words.
The bolt of magma hits you! The deep elf mage casts a spell at you.
The stone arrow hits you!
* * * LOW HITPOINT WARNING * * *
The centaur warrior shouts!
The centaur shouts!
Unknown command.
Okay, then.
You can feel time thicken for a moment.
You kill the centaur!
Cheibriados thoroughly appreciates the change of pace.
You feel somewhat more hungry.
Cheibriados lowers the support of your attributes as your movement quickens.
The deep elf mage gestures at you while chanting.
The bolt of magma hits you!
You die...

... .(# # ..# .
#..# ### ..###..
#.. #.. ......
#.###.#
#####...#
#..#..#
###......#
#....###.....@.#
#.##.##..#.###e#
##..........# .#
###...##..#####
.. .#...###....#
..c .....#
#.##.... ....
....## #.# ###.#
....) ...## ..#
# ...... .###
##.##


You could see a centaur warrior and a deep elf mage.

Vanquished Creatures
  Josephine (D:10)
  Snorg (D:10)
  2 hydras
  5 two-headed ogres
  Nergalle (D:11)
  An unseen horror (D:12)
  Pikel (D:8)
  An orb spider (shapeshifter) (D:13)
  2 cyclopes
  Maurice (D:8)
  A centaur zombie (D:10)
  A black mamba (Lair:1)
  Psyche (D:9)
  An efreet (D:14)
  4 trolls
  5 blink frogs (Lair:1)
  A hippogriff (D:10)
  2 slime creatures (D:5)
  A shadow (D:11)
  4 wraiths (D:10)
  4 hogs (D:11)
  2 wyverns
  A basilisk (Lair:2)
  15 yaks
  Grum (D:9)
  A human (D:11)
  An acid dragon (D:12)
  A water moccasin (Lair:2)
  A porcupine (Lair:2)
  An ice beast (D:14)
  4 orc warriors
  An eye of draining (D:14)
  4 ogres
  A necrophage (D:9)
  8 wolves
  The ghost of tidbits the Insei, an amateur DgTm (D:5)
  4 centaurs
  5 crocodiles
  7 big kobolds
  7 bullfrogs
  9 killer bees
  A scorpion (D:7)
  14 wights
  4 electric eels (D:9)
  3 crimson imps
  9 orc wizards
  A quasit (D:11)
  7 hounds
  4 bullfrog skeletons
  2 orc priests
  5 jellies
  An iguana (D:10)
  2 worker ants
  A hound skeleton (D:10)
  A worker ant zombie (D:8)
  A gnoll (D:6)
  5 adders
  A shadow imp (D:7)
  4 oozes (D:5)
  An adder zombie (D:6)
  A worm (D:4)
  A leopard gecko (D:5)
  27 orcs
  3 bats
  4 giant cockroaches
  2 goblins
  4 hobgoblins
  7 jackals
  3 quokkas
  2 frilled lizards (D:1)
  20 kobolds
  A leopard gecko zombie (D:6)
  A rat (D:1)
259 creatures vanquished.

Vanquished Creatures (collateral kills)
  A two-headed ogre (D:9)
  A spiny frog (Lair:2)
  A meliai zombie (D:7)
  5 wolves
  An ogre (D:5)
  A bullfrog (Lair:2)
  A hound (D:9)
  An iron imp (D:5)
  A jelly (D:9)
  A worker ant (D:5)
  An adder (D:9)
  3 kobolds (D:5)
18 creatures vanquished.

Vanquished Creatures (others)
  3 slaves (D:9)
  4 orcs (D:8)
  2 jackals (D:8)
  4 fungi
  9 toadstools (D:5)
22 creatures vanquished.

Grand Total: 299 creatures vanquished

Notes
Turn   | Place    | Note
-------+----------+-------------------------------------------
     0 | D:1      | tidbits the Draconian Wanderer began the quest for the Orb.
     0 | D:1      | tidbits set off with: a book of Maledictions, the Incunabulum of Unholy Rites, Uboshraf's Volume of the Compass, a +0 club, a bread ration
     0 | D:1      | Reached XP level 1. HP: 16/16 MP: 3/3
     0 | D:1      | Identified the Incunabulum of Unholy Rites
     0 | D:1      | Identified Uboshraf's Volume of the Compass
     2 | D:1      | Learned a level 1 spell: Animate Skeleton
     4 | D:1      | Learned a level 1 spell: Corona
   137 | D:1      | Reached XP level 2. HP: 16/23 MP: 1/5
   141 | D:1      | Learned a level 2 spell: Shroud of Golubria
   351 | D:1      | Reached skill level 3 in Unarmed Combat
   630 | D:3      | Noticed motkurip's ghost (weakling FeCK)
   672 | D:4      | Noticed an ogre
   686 | D:4      | Killed an ogre
   686 | D:4      | Reached skill level 4 in Unarmed Combat
   686 | D:4      | Reached XP level 3. HP: 28/28 MP: 6/6
   686 | D:4      | Reached XP level 4. HP: 35/35 MP: 7/7
   813 | D:5      | Entered Level 5 of the Dungeon
   820 | D:5      | Noticed tidbits's ghost (amateur DgTm)
   851 | D:5      | Killed tidbits's ghost
   851 | D:5      | Reached skill level 5 in Unarmed Combat
   851 | D:5      | Reached XP level 5. HP: 40/40 MP: 8/8
   886 | D:4      | Found a shadowy altar of Dithmenos.
   937 | D:4      | Found a bloodstained altar of Trog.
  1008 | D:5      | Reached skill level 6 in Unarmed Combat
  1088 | D:6      | Found Oguepohozu's Distillery.
  1094 | D:6      | Bought a potion of heal wounds for 50 gold pieces
  1094 | D:6      | Bought a potion of curing for 30 gold pieces
  1094 | D:6      | Bought a potion of degeneration for 10 gold pieces
  1197 | D:6      | Got a blackened rapier
  1205 | D:6      | Reached XP level 6. HP: 36/47 MP: 9/9
  1219 | D:6      | Found a white marble altar of Elyvilon.
  1219 | D:6      | Found a runed door.
  1219 | D:6      | Noticed an angel
  1233 | D:6      | tidbits: a book of Changes
  1237 | D:6      | Learned a level 2 spell: Sticks to Snakes
  1239 | D:6      | Learned a level 1 spell: Beastly Appendage
  1297 | D:5      | Reached skill level 2 in Transmutations
  1326 | D:5      | Found a snail-covered altar of Cheibriados.
  1334 | D:5      | Identified the +11 rapier of Contention {freeze, +Fly Str+4 Int+4} (You found it on level 6 of the Dungeon)
  1339 | D:5      | Reached skill level 3 in Transmutations
  1346 | D:5      | Reached skill level 4 in Transmutations
  1346 | D:5      | Your scales start taking on a pale cyan-grey colour.
  1346 | D:5      | Reached XP level 7. HP: 45/52 MP: 4/10
  1401 | D:5      | Noticed a slime creature
  1414 | D:5      | Noticed a slime creature
  1427 | D:5      | Killed a slime creature
  1427 | D:5      | Reached skill level 6 in Transmutations
  1460 | D:5      | Killed a slime creature
  1460 | D:5      | Reached skill level 7 in Transmutations
  1460 | D:5      | Reached XP level 8. HP: 40/59 MP: 11/11
  1565 | D:5      | Found a shimmering altar of Xom.
  1566 | D:5      | Found a shimmering altar of Xom.
  1567 | D:5      | Found a shimmering altar of Xom.
  1567 | D:5      | Found a shimmering altar of Xom.
  1568 | D:5      | Found a shimmering altar of Xom.
  1568 | D:5      | Found a shimmering altar of Xom.
  1620 | D:5      | Became a worshipper of Cheibriados the Contemplative
  1665 | D:5      | Learned a level 5 spell: Blade Hands
  1744 | D:7      | Reached skill level 3 in Spellcasting
  1792 | D:8      | Noticed a two-headed ogre
  1869 | D:7      | Found a staircase to the Ecumenical Temple.
  1891 | D:7      | Reached skill level 8 in Transmutations
  1938 | D:9      | Noticed Pikel
  1949 | D:8      | Killed Pikel
  1949 | D:8      | Reached skill level 4 in Spellcasting
  1967 | D:8      | Noticed Maurice
  1979 | D:8      | Reached XP level 9. HP: 29/64 MP: 16/16
  1999 | D:8      | Killed Maurice
  1999 | D:8      | Reached skill level 5 in Spellcasting
  1999 | D:8      | Reached skill level 9 in Transmutations
  2069 | D:8      | Killed a two-headed ogre
  2069 | D:8      | Reached skill level 6 in Spellcasting
  2180 | D:8      | Reached skill level 2 in Fighting
  2244 | D:8      | Reached * piety under Cheibriados
  2244 | D:8      | Reached skill level 1 in Dodging
  2251 | D:8      | Reached skill level 2 in Dodging
  2375 | D:8      | Found a blossoming altar of Fedhas.
  2446 | D:8      | Reached skill level 3 in Dodging
  2569 | D:9      | Noticed a two-headed ogre
  2581 | D:9      | Killed a two-headed ogre
  2581 | D:9      | Reached skill level 4 in Dodging
  2581 | D:9      | Reached XP level 10. HP: 53/74 MP: 7/19
  2603 | D:9      | Noticed a two-headed ogre
  2617 | D:9      | Killed a two-headed ogre
  2617 | D:9      | Reached skill level 5 in Dodging
  2642 | D:9      | Noticed Psyche
  2645 | D:9      | Killed Psyche
  2645 | D:9      | Reached skill level 6 in Dodging
  2720 | D:9      | Noticed Grum
  2727 | D:9      | Reached skill level 3 in Fighting
  2845 | D:9      | Noticed a two-headed ogre
  2867 | D:8      | Reached ** piety under Cheibriados
  2867 | D:8      | Reached skill level 4 in Fighting
  2909 | D:9      | Killed a two-headed ogre
  2909 | D:9      | Reached skill level 5 in Fighting
  2958 | D:9      | Noticed a two-headed ogre
  2967 | D:9      | Killed a two-headed ogre
  2967 | D:9      | Reached skill level 6 in Fighting
  3056 | D:9      | Reached skill level 7 in Fighting
  3132 | D:10     | Entered Level 10 of the Dungeon
  3148 | D:10     | Reached skill level 8 in Fighting
  3180 | D:10     | Learned a level 3 spell: Vampiric Draining
  3186 | D:10     | Reached *** piety under Cheibriados
  3263 | D:11     | Learned a level 2 spell: Blink
  3334 | D:11     | Reached skill level 1 in Necromancy
  3334 | D:11     | Reached skill level 1 in Translocations
  3341 | D:11     | Reached skill level 2 in Necromancy
  3341 | D:11     | Reached XP level 11. HP: 92/95 MP: 11/20
  3344 | D:11     | Reached skill level 2 in Translocations
  3432 | D:11     | Reached skill level 3 in Necromancy
  3432 | D:11     | Reached skill level 3 in Translocations
  3488 | D:12     | Reached **** piety under Cheibriados
  3529 | D:12     | Reached skill level 7 in Unarmed Combat
  3637 | D:12     | Killed an unseen horror
  3679 | D:11     | Noticed Nergalle
  3690 | D:11     | Killed Nergalle
  3690 | D:11     | Reached skill level 9 in Fighting
  3690 | D:11     | Reached skill level 8 in Unarmed Combat
  3881 | D:9      | Reached ***** piety under Cheibriados
  3886 | D:9      | Killed Grum
  4081 | D:10     | Noticed Snorg
  4091 | D:10     | Killed Snorg
  4091 | D:10     | Reached skill level 3 in Invocations
  4183 | D:10     | Found a portal to a secret trove of treasure.
  4244 | D:10     | Reached skill level 4 in Invocations
  4269 | D:10     | Reached skill level 5 in Invocations
  4386 | D:10     | Noticed Josephine
  4392 | D:10     | Killed Josephine
  4392 | D:10     | Reached skill level 6 in Invocations
  4392 | D:10     | Reached XP level 12. HP: 37/105 MP: 14/21
  4426 | D:9      | Found a staircase to the Lair.
  4441 | Lair:1   | Entered Level 1 of the Lair of Beasts
  4466 | Lair:1   | Reached skill level 7 in Invocations
  4603 | Lair:2   | Reached skill level 8 in Invocations
  4702 | Lair:2   | Noticed an eight-headed hydra
  4711 | Lair:2   | Killed an eight-headed hydra
  4716 | Lair:2   | Reached skill level 9 in Invocations
  4721 | Lair:2   | Learned a level 3 spell: Inner Flame
  4982 | D:12     | Identified the Papyrus of Enchantment
  4982 | D:12     | Noticed a four-headed hydra
  4990 | D:12     | Killed a four-headed hydra
  5030 | D:12     | Reached skill level 10 in Invocations
  5034 | D:12     | Reached skill level 9 in Unarmed Combat
  5084 | D:13     | Noticed a two-headed ogre
  5086 | D:13     | Killed a two-headed ogre
  5126 | D:14     | Reached skill level 10 in Fighting
  5130 | D:14     | Found a burning altar of Makhleb.
  5166 | D:14     | Noticed a centaur warrior
  5167 | D:14     | Killed from afar by a deep elf mage

Vault maps used:
D:1:      scummos_arrival_star
D:2:      cheibrodos_old_hovel, lemuel_coloured_pillars_altar, kennysheep_donut,
          kennysheep_okawaru_gauntlet, uniq_terence
D:3:      cheibrodos_greedy_goblins, zin_treasury, serial_park_tiny_pond
D:4:      nicolae_dithmenos_the_darkroom, nicolae_ru_sacrificial_ziggurat,
          trog_hazing_becter, uniq_sigmund
D:5:      cheibrodos_fertilizer, slow_altar_1, xom_redecorated, first_bread
D:6:      serial_shops, shop, lemuel_angel_altar
D:7:      lemuel_round_altar, minmay_temple_entry_hall, uniq_joseph,
          uniq_menkaure
D:8:      tgw_fedhas, uniq_maurice
D:9:      erik_lair_island, uniq_psyche, uniq_gastronok, uniq_grum, uniq_pikel
D:10:     nicolae_trove_entry_diagonal, uniq_josephine, uniq_snorg
D:11:     orc_0_dummy, grunt_livestock, uniq_nergalle
D:13:     erik_vaults_1
D:14:     serial_shops, shop_fountains, basic_altar, hangedman_decor_points,
          minmay_joined_circles
Lair:1:   beast_lair_carwin_8
Lair:2:   beast_lair_carwin_2

Skill      XL: |  1  2  3  4  5  6  7  8  9 10 11 12 |
---------------+-------------------------------------+-----
Unarmed Combat | 4 5 6 8 9 |  9.7
Transmutations | 4 7 8 9 |  9.7
Spellcasting   | 4 6 |  6.2
Fighting       | 2 8 9 10 | 10.0
Dodging        | 4 6 |  6.2
Necromancy     | 2 3 |  3.3
Translocations | 1 3 |  3.4
Invocations    | 6 10 | 10.0
Throwing       | |  1.7
Hexes          | |  1.7

Action                   |  1- 3 |  4- 6 |  7- 9 | 10-12 || total
-------------------------+-------+-------+-------+-------++-------
Melee: Unarmed           |    52 |    60 |    33 |   242 ||   387
       Tailslap          |     5 |     3 |    15 |    49 ||    72
       Punch             |       |     1 |     1 |    11 ||    13
       Rapier            |       |     6 |    76 |    53 ||   135
       Headbutt          |       |     3 |     1 |       ||     4
       Kick              |       |     1 |       |       ||     1
 Fire: Hand crossbow     |       |       |    23 |    31 ||    54
       Blowgun           |       |       |     8 |       ||     8
Throw: Stone             |       |       |     2 |       ||     2
 Cast: Corona            |    20 |       |       |       ||    20
       Beastly Appendage |       |     4 |     1 |       ||     5
       Sticks to Snakes  |       |     4 |    14 |    34 ||    52
       Blade Hands       |       |       |     6 |    44 ||    50
       Shroud of Golubri |       |       |     1 |     2 ||     3
       Blink             |       |       |       |     2 ||     2
Invok: Slouch            |       |       |       |     5 ||     5
 Abil: Evoke Berserk Rag |     1 |     4 |       |       ||     5
       Breathe Steam     |       |       |     2 |       ||     2
Evoke: Wand              |     1 |       |     2 |     5 ||     8
  Use: Scroll            |       |     3 |     2 |    12 ||    17
       Potion            |       |     1 |     8 |    10 ||    19
 Stab: Invisible         |       |       |     4 |       ||     4
       Distracted        |       |       |       |     2 ||     2
       Sleeping          |       |       |       |     3 ||     3
  Eat: Chunk             |       |     4 |     2 |    12 ||    18
       Fruit             |       |     1 |     2 |     3 ||     6
       Bread ration      |       |     1 |       |       ||     1
       Royal jelly       |       |       |       |     1 ||     1
Armor: Skin              |    24 |    17 |    27 |    66 ||   134
Dodge: Dodged            |    34 |    56 |    85 |   275 ||   450

Table legend:
 A = Spawn XP
 B = Non-spawn XP
 C = Spawn XP percentage of total XP
 D = Spawn monster count
 E = Non-spawn monster count
 F = Spawn count percentage of total count
 G = Total turns spent on level
                    A         B        C        D         E        F      G
               +---------+---------+-------+---------+---------+-------+---------
         Total |    1169 |   31375 |   3.6 |      18 |     259 |   6.5 |  5167
               +---------+---------+-------+---------+---------+-------+---------
           D:1 |       0 |      22 |   0.0 |       0 |      14 |   0.0 |   391
           D:2 |       0 |       2 |   0.0 |       0 |       1 |   0.0 |   122
           D:3 |       0 |       1 |   0.0 |       0 |       1 |   0.0 |   119
           D:4 |       0 |     133 |   0.0 |       0 |       5 |   0.0 |   320
           D:5 |      86 |    1419 |   5.7 |       4 |      25 |  13.8 |   529
           D:6 |      14 |     114 |  10.9 |       1 |       6 |  14.3 |   248
           D:7 |       0 |     332 |   0.0 |       0 |       9 |   0.0 |   181
           D:8 |      74 |    2842 |   2.5 |       4 |      21 |  16.0 |   854
           D:9 |     153 |    6052 |   2.5 |       2 |      45 |   4.3 |   599
          D:10 |     256 |    4744 |   5.1 |       3 |      34 |   8.1 |   564
          D:11 |     142 |    4108 |   3.3 |       3 |      37 |   7.5 |   411
          D:12 |       0 |    4586 |   0.0 |       0 |      26 |   0.0 |   270
          D:13 |       0 |    2002 |   0.0 |       0 |       3 |   0.0 |    32
          D:14 |       0 |     832 |   0.0 |       0 |       5 |   0.0 |    61
        Lair:1 |     444 |    1869 |  19.2 |       1 |      11 |   8.3 |   274
        Lair:2 |       0 |    2317 |   0.0 |       0 |      16 |   0.0 |   192
               +---------+---------+-------+---------+---------+-------+---------

Table legend:
 A = Turns spent in this place as a percentage of turns spent in the entire game.
 B = Non-inter-level travel turns spent in this place as a percentage of non-inter-level travel turns spent in the entire game.
 C = Inter-level travel turns spent in this place as a percentage of turns spent in this place.
 D = Turns resting spent in this place as a percentage of non-inter-level travel turns spent in this place.
 E = Turns spent auto-exploring this place as a percentage of non-inter-level travel turns spent in this place.
 F = Non-inter-level travel turns spent in this place divided by the number of levels of this place that you've seen.
                   A       B       C       D       E      F
               +-------+-------+-------+-------+-------+----------------------
         Total | 100.0 | 100.0 |   2.4 |   0.1 |   0.1 | 315.2
       Dungeon |  91.0 |  90.8 |   2.6 |   0.1 |   0.1 | 327.0
          Lair |   9.0 |   9.2 |   0.0 |   0.0 |   0.0 | 233.0
               +-------+-------+-------+-------+-------+----------------------

Table legend:
 A = Kills in this place as a percentage of kills in entire the game.
 B = Kills by you in this place as a percentage of kills by you in the entire game.
 C = Kills by friends in this place as a percentage of kills by friends in the entire game.
 D = Other kills in this place as a percentage of other kills in the entire game.
 E = Experience gained in this place as a percentage of experience gained in the entire game.
 F = Experience gained in this place divided by the number of levels of this place that you have seen.
                   A       B       C       D       E      F
               +-------+-------+-------+-------+-------+----------------------
         Total | 100.0 | 100.0 | 100.0 |   N/A | 100.0 | 2034.0
       Dungeon |  89.9 |  91.1 |  72.2 |   N/A |  85.8 | 1993.9
          Lair |  10.1 |   8.9 |  27.8 |   N/A |  14.2 | 2315.0
               +-------+-------+-------+-------+-------+----------------------

Vault maps used:
D:1:      scummos_arrival_star
D:2:      cheibrodos_old_hovel, lemuel_coloured_pillars_altar, kennysheep_donut,
          kennysheep_okawaru_gauntlet, uniq_terence
D:3:      cheibrodos_greedy_goblins, zin_treasury, serial_park_tiny_pond
D:4:      nicolae_dithmenos_the_darkroom, nicolae_ru_sacrificial_ziggurat,
          trog_hazing_becter, uniq_sigmund
D:5:      cheibrodos_fertilizer, slow_altar_1, xom_redecorated, first_bread
D:6:      serial_shops, shop, lemuel_angel_altar
D:7:      lemuel_round_altar, minmay_temple_entry_hall, uniq_joseph,
          uniq_menkaure
D:8:      tgw_fedhas, uniq_maurice
D:9:      erik_lair_island, uniq_psyche, uniq_gastronok, uniq_grum, uniq_pikel
D:10:     nicolae_trove_entry_diagonal, uniq_josephine, uniq_snorg
D:11:     orc_0_dummy, grunt_livestock, uniq_nergalle
D:13:     erik_vaults_1
D:14:     serial_shops, shop_fountains, basic_altar, hangedman_decor_points,
          minmay_joined_circles
Lair:1:   beast_lair_carwin_8
Lair:2:   beast_lair_carwin_2
